 Dungeon Crawl Stone Soup version 0.24-a0-3-g5a19998 (webtiles) character file.

Game seed: 7721144376562281434

6136 Blackhawk the Fighter (level 10, -11/88 HPs)
             Began as a Centaur Fighter on Jan 29, 2019.
             Was a Believer of Okawaru.
             Killed from afar by Erolcha (36 damage)
             ... with a bolt of cold
             ... on level 10 of the Dungeon on Jan 30, 2019.
             The game lasted 00:25:44 (11762 turns).

Blackhawk the Fighter (Centaur Fighter)            Turns: 11762, Time: 00:25:45

Health: -11/88     AC: 16    Str: 22    XL:     10   Next: 59%
Magic:  10/10      EV:  6    Int:  7    God:    Okawaru [**....]
Gold:   550        SH:  0    Dex:  9    Spells: 9/9 levels left

rFire    + . .     SeeInvis .   a - +0 trident
rCold    . . .     Gourm    .   (no shield)
rNeg     . . .     Faith    .   F - +2 plate armour {rF+}
rPois    +         Spirit   .   n - +0 helmet
rElec    .         Reflect  .   h - +0 cloak
rCorr    .         Harm     .   x - +0 pair of gloves
MR       .....                  (no barding)
Stlth    ..........             A - amulet of the acrobat
HPRegen  0.24/turn              u - ring of poison resistance
MPRegen  0.12/turn              z - ring of flight

@: lightly drained, very quick
A: large, hooves 3, deformed body, speed 2, tough skin 3
a: Heroism, Renounce Religion, Evoke Flight


You were on level 10 of the Dungeon.
You worshipped Okawaru.
Okawaru was pleased with you.
You were not hungry.

You visited 2 branches of the dungeon, and saw 11 of its levels.

You collected 550 gold pieces.

Inventory:

Hand Weapons
 a - a +0 trident (weapon)
 b - a +0 shortbow
Missiles
 j - 162 arrows
Armour
 h - a +0 cloak (worn)
 n - a +0 helmet (worn)
 x - a +0 pair of gloves (worn)
 F - a +2 plate armour of fire resistance (worn)
Jewellery
 e - an uncursed amulet of rage
 u - a ring of poison resistance (left hand)
 z - a ring of flight (right hand)
 A - an amulet of the acrobat (around neck)
 C - an uncursed amulet of magic regeneration
Wands
 l - a wand of enslavement (7)
Scrolls
 c - a scroll of holy word {unknown}
 k - a scroll of fear
 q - a scroll of identify
 v - 4 scrolls of remove curse
 w - a scroll of teleportation {unknown}
 y - a scroll of enchant armour {unknown}
Potions
 d - 3 potions of might
 g - 5 potions of heal wounds
 i - a potion of magic {unknown}
 m - 2 potions of cancellation
 o - 4 potions of curing
 r - 2 potions of resistance {unknown}
 s - a potion of invisibility
 t - 2 potions of lignification {unknown}
 B - 3 potions of flight
 D - a potion of haste {unknown}
 E - 2 potions of degeneration {unknown}
 H - a potion of ambrosia {unknown}
Comestibles
 f - 14 rations


   Skills:
 + Level 8.3(8.2) Fighting
 + Level 7.2 Polearms
 + Level 8.0(7.9) Bows
 + Level 6.2 Armour
 + Level 3.9 Dodging
   Level 3.7 Shields


You had 9 spell levels left.
You didn't know any spells.
Your spell library contained the following spells:

 Spells                   Type           Power        Failure   Level  Hunger
 Magic Dart               Conj           #...         100%        1    ##.....
 Blink                    Tloc           N/A          100%        2    ###....
 Call Imp                 Summ           #.......     100%        2    ###....
 Slow                     Hex            #.......     100%        2    ###....
 Conjure Flame            Conj/Fire      #.......     100%        3    ####...
 Mephitic Cloud           Conj/Pois/Air  #.......     100%        3    ####...


Dungeon Overview and Level Annotations

Branches:
Dungeon (10/15)            Temple (1/1) D:7
   Lair: D:8-11         Orc: D:9-12

Altars:
Ashenzari
Cheibriados
Dithmenos
Fedhas
Gozag
Kikubaaqudgha
Makhleb
Nemelex Xobeh
Okawaru
Qazlal
Ru
Sif Muna
Uskayaw
Vehumet
Wu Jian
Zin

Shops:
D:6 [   D:8 [

Annotations:
D:6 1 runed translucent door, busb's ghost, novice DDWn
D:10 Erolcha


Innate Abilities, Weirdness & Mutations

You have hooves in place of feet.
Armour fits poorly on your strangely shaped body.
You cover ground very quickly.
You have extremely tough skin. (AC +3)


Message History

Your plate armour prevents you from hitting Erolcha.
You kick Erolcha.
Erolcha is severely wounded.
Erolcha hits you with a +0 giant spiked club!
You barely miss Erolcha. Your kick misses Erolcha.
Erolcha is severely wounded.
Erolcha hits you but does no damage.
You barely miss Erolcha.
Erolcha is severely wounded.
Erolcha casts a spell at you. You resist with some effort.
You barely miss Erolcha.
Erolcha is severely wounded.
Erolcha hits you with a +0 giant spiked club!!
* * * LOW HITPOINT WARNING * * *
You puncture Erolcha!
Erolcha is almost dead.
Erolcha points at you and mumbles some strange words.
The bolt of cold hits you!!!
You die...

.# .# ###+## .## #....#
... #..>.# ..(
#....########.(.
#....##...(.#...
########..........('...
#.....@Oh.(........####
#..<..##....##.........
#.....##....##.........
#.....#................
#.....#................
#####+#################


You could see Erolcha and a hound.

Vanquished Creatures
  2 two-headed ogres
  Pikel (D:7)
  A hippogriff (D:8)
  3 yaks (D:9)
  Eustachio (D:6)
  The ghost of TrashTierHero the Poker, an amateur HuWr of Cheibriados (D:5)
  2 ice beasts
  2 orc warriors
  2 phantoms (D:8)
  A black bear (D:9)
  3 sky beasts
  4 centaurs
  An ogre (D:8)
  A gnoll sergeant (D:7)
  2 bullfrogs (D:9)
  A wyvern skeleton (D:9)
  6 scorpions
  9 killer bees
  4 wights (D:9)
  3 howler monkeys
  5 crimson imps
  A bullfrog zombie (D:8)
  2 orc priests
  3 bullfrog skeletons
  A centaur skeleton (D:7)
  2 hounds
  2 jellies
  3 orc wizards
  An iguana (D:6)
  4 worker ants
  A hound skeleton (D:6)
  A worker ant zombie (D:9)
  8 gnolls
  A howler monkey skeleton (D:5)
  4 adders
  An ooze (D:3)
  An adder zombie (D:5)
  5 worms
  2 dart slugs
  2 leopard geckos
  10 orcs
  5 bats
  4 giant cockroaches
  10 goblins
  6 hobgoblins
  5 jackals
  5 quokkas
  4 ball pythons
  4 frilled lizards
  A giant cockroach zombie (D:6)
  5 kobolds
  2 leopard gecko skeletons (D:6)
  A leopard gecko zombie (D:7)
  5 rats
167 creatures vanquished.

Vanquished Creatures (others)
  A slave (D:7)
  An ogre (D:7)
  A phantom (D:7)
  2 jackals (D:7)
  A jackal skeleton (D:7)
6 creatures vanquished.

Grand Total: 173 creatures vanquished

Notes
Turn   | Place    | Note
-------+----------+-------------------------------------------
     0 | D:1      | Blackhawk the Centaur Fighter began the quest for the Orb.
     0 | D:1      | Reached XP level 1. HP: 19/19 MP: 1/1
   140 | D:1      | Reached XP level 2. HP: 26/26 MP: 2/2
   699 | D:2      | Reached XP level 3. HP: 31/31 MP: 3/3
  1188 | D:3      | Reached XP level 4. HP: 38/38 MP: 4/4
  1321 | D:3      | Found a sacrificial altar of Ru.
  1559 | D:3      | Found a blossoming altar of Fedhas.
  1563 | D:3      | Found a snail-covered altar of Cheibriados.
  1566 | D:3      | Found an opulent altar of Gozag.
  1673 | D:3      | Reached XP level 5. HP: 40/46 MP: 5/5
  1897 | D:3      | Found a shattered altar of Ashenzari.
  3050 | D:5      | Entered Level 5 of the Dungeon
  3060 | D:5      | Reached XP level 6. HP: 50/52 MP: 6/6
  3706 | D:4      | Reached XP level 7. HP: 60/60 MP: 7/7
  3753 | D:4      | Reached skill level 5 in Fighting
  4088 | D:5      | Found a runed translucent gate.
  4088 | D:5      | Found a runed translucent gate.
  4088 | D:5      | Found a runed translucent gate.
  4088 | D:5      | Noticed TrashTierHero's ghost (amateur HuWr)
  4149 | D:5      | Noticed a hungry ghost
  4491 | D:5      | Found a snail-covered altar of Cheibriados.
  4910 | D:5      | Killed TrashTierHero's ghost
  4910 | D:5      | Reached skill level 1 in Bows
  5074 | D:6      | Found a runed translucent door.
  5074 | D:6      | Noticed busb's ghost (novice DDWn)
  5115 | D:6      | Reached XP level 8. HP: 69/69 MP: 8/8
  5511 | D:6      | Found Mobboenn's Antique Armour Shop.
  5756 | D:6      | Reached skill level 5 in Polearms
  5775 | D:6      | Found an ancient bone altar of Kikubaaqudgha.
  5776 | D:6      | Noticed Eustachio
  5824 | D:6      | Killed Eustachio
  6279 | D:7      | Noticed Pikel
  6310 | D:7      | Killed Pikel
  6310 | D:7      | Reached skill level 5 in Armour
  6310 | D:7      | Reached skill level 1 in Dodging
  6310 | D:7      | Reached XP level 9. HP: 60/78 MP: 9/9
  6494 | D:7      | Reached skill level 5 in Bows
  6936 | D:7      | Found a staircase to the Ecumenical Temple.
  7384 | Temple   | Entered the Ecumenical Temple
  7405 | Temple   | Became a worshipper of Warmaster Okawaru
  9005 | D:8      | Found Fuschopa's Antique Armour Boutique.
  9066 | D:8      | Reached * piety under Okawaru
  9486 | D:8      | Noticed a two-headed ogre
  9504 | D:8      | Killed a two-headed ogre
  9504 | D:8      | Reached XP level 10. HP: 76/88 MP: 10/10
  9949 | D:9      | Noticed a two-headed ogre
  9970 | D:9      | Killed a two-headed ogre
  9970 | D:9      | Reached ** piety under Okawaru
 11710 | D:10     | Entered Level 10 of the Dungeon
 11729 | D:10     | Noticed Erolcha
 11762 | D:10     | Killed from afar by Erolcha

Vault maps used:
D:1:      tarquinn_simple_flora_water_e, minmay_misc_feat_more_columns,
          minmay_misc_feat_plants
D:3:      nicolae_overflow_hidden_temple, nicolae_ru_path_of_blood,
          minmay_overflow_temple_star_quad
D:4:      kennysheep_cross_bottleneck
D:5:      first_ration, ebering_ghost_rock_garden, cheibriados_altar_1
D:6:      lemuel_round_altar, hellmonk_ghost_happy_afterlife, serial_shops,
          nicolae_shop_window_shopping, uniq_eustachio
D:7:      minmay_temple_entry_statues, uniq_pikel
D:8:      serial_shops, kennysheep_mini
D:10:     hangedman_stone_soup, uniq_erolcha, uniq_maurice
Temple:   eino_temple_rhombus

Skill      XL: |  1  2  3  4  5  6  7  8  9 10 |
---------------+-------------------------------+-----
Polearms       | 2 3 4 5 6 7 |  7.2
Armour         | 3 4 5 6 |  6.2
Fighting       | 4 5 6 7 8 |  8.3
Shields        | 3 |  3.7
Bows           | 1 4 7 8 |  8.0
Dodging        | 1 3 |  3.9

Action                   |  1- 3 |  4- 6 |  7- 9 | 10-12 || total
-------------------------+-------+-------+-------+-------++-------
Melee: Trident           |   120 |   189 |   487 |   127 ||   923
       Kick              |    11 |    36 |   113 |    36 ||   196
 Fire: Shortbow          |       |       |       |    48 ||    48
  Use: Scroll            |       |       |    13 |       ||    13
       Potion            |       |       |     2 |       ||     2
 Stab: Invisible         |       |       |     1 |       ||     1
  Eat: Chunk             |       |     7 |    13 |     7 ||    27
       Ration            |       |       |     2 |       ||     2
Armor: Scale mail        |    48 |    58 |    26 |       ||   132
       Chain mail        |       |       |   129 |       ||   129
       Shadow dragon sca |       |       |   160 |       ||   160
       Plate armour      |       |       |       |    90 ||    90
Dodge: Dodged            |    18 |    30 |   154 |    25 ||   227
Block: Shield            |    27 |    68 |    12 |       ||   107

Table legend:
 A = Non-vault XP
 B = Vault XP
 C = Vault XP percentage of total XP
 D = Non-vault monster count
 E = Vault monster count
 F = Vault count percentage of total count
                 A         B        C        D         E       F
            +---------+---------+-------+---------+---------+-------
      Total |    7709 |    1058 |  12.1 |     165 |       3 |   1.8
            +---------+---------+-------+---------+---------+-------
        D:1 |      28 |       0 |   0.0 |      16 |       0 |   0.0
        D:2 |      24 |       0 |   0.0 |      12 |       0 |   0.0
        D:3 |     196 |       0 |   0.0 |      29 |       0 |   0.0
        D:4 |     701 |       0 |   0.0 |      18 |       0 |   0.0
        D:5 |     298 |     176 |  37.1 |      11 |       1 |   8.3
        D:6 |     574 |     197 |  25.6 |      18 |       1 |   5.3
        D:7 |    1155 |     685 |  37.2 |      22 |       1 |   4.3
        D:8 |    2274 |       0 |   0.0 |      17 |       0 |   0.0
        D:9 |    2459 |       0 |   0.0 |      22 |       0 |   0.0
            +---------+---------+-------+---------+---------+-------
